 Dungeon Crawl Stone Soup version 0.29.1-15-g9cfb28693d (webtiles) character file.

Game seed: 5495790452036330730

462 112233 the Trooper (level 7, -10/72 (75) HPs)
             Began as an Octopode Fighter on Feb 26, 2023.
             Mangled by a wight
             ... wielding a +0 long sword
              (13 damage)
             ... on level 4 of the Dungeon.
             The game lasted 00:01:54 (3191 turns).

112233 the Trooper (Octopode Fighter)               Turns: 3191, Time: 00:01:55

HP:   -10/72 (75)   AC:  1    Str: 15    XL:     7   Next: 7%
MP:   7/7           EV: 14    Int: 10    God:
Gold: 219           SH:  5    Dex: 14    Spells: 6/6 levels left

rFire   . . .      SeeInvis .   a - +0 trident
rCold   . . .      Faith    .   b - +0 buckler
rNeg    . . .      Spirit   .   (helmet restricted)
rPois   .          Reflect  .   (no amulet)
rElec   .          Harm     .   (no ring)
rCorr   .          Rampage  .   (no ring)
Will    .....                   (no ring)
Stlth   ..........              (no ring)
HPRegen 0.22/turn               (no ring)
MPRegen 0.10/turn               (no ring)
                                (no ring)
                                (no ring)

@: berserking (expiring), lightly drained, very quick
A: almost no armour, amphibious, 8 rings, camouflage 1, gelatinous body 1,
(nimble swimmer 1), tentacles
a: no special abilities


You were on level 4 of the Dungeon.
You visited 1 branch of the dungeon, and saw 4 of its levels.

You collected 219 gold pieces.

Inventory:

Hand Weapons
 a - a +0 trident (weapon)
Missiles
 l - 16 poisoned darts (quivered)
Armour
 b - a +0 buckler (worn)
Jewellery
 d - an amulet of the acrobat
Scrolls
 g - 6 scrolls of identify {unknown}
 h - 3 scrolls of vulnerability {unknown}
 i - a scroll of teleportation {unknown}
 j - a scroll of torment {unknown}
 p - a scroll of summoning {unknown}
 r - a scroll of butterflies {unknown}
 s - a scroll of amnesia {unknown}
 t - a scroll of noise {unknown}
Potions
 c - a potion of berserk rage
 e - a potion of haste {unknown}
 f - 2 potions of heal wounds {unknown}
 k - 3 potions of curing {unknown}
 m - a potion of brilliance {unknown}
 n - a potion of flight {unknown}
 o - a potion of lignification {unknown}
 q - a potion of degeneration {unknown}


   Skills:
 + Level 5.0 Fighting
 + Level 4.4 Polearms
 + Level 5.0 Dodging
 - Level 3.2 Shields


You had 6 spell levels left.
You didn't know any spells.
Your spell library contained the following spells:

 Spells                   Type           Power      Damage    Failure   Level
 Ensorcelled Hibernation  Hex/Ice        0%         N/A       58%         2
 Dazzling Flash           Conj/Hex       0%         N/A       83%         3
 Inner Flame              Hex/Fire       0%         N/A       83%         3
 Spider Form              Tmut/Pois      0%         N/A       83%         3
 Anguish                  Hex/Necr       0%         N/A       99%         4
 Cause Fear               Hex            0%         N/A       99%         4
 Agony                    Necr           0%         N/A       100%        5
 Silence                  Hex/Air        0%         N/A       100%        5
 Discord                  Hex            0%         N/A       100%        8


Dungeon Overview and Level Annotations

Branches:
Dungeon (4/15)
 Temple: D:4-7

Altars:
Dithmenos
Nemelex Xobeh
Xom

Shops:
D:4 *


Innate Abilities, Weirdness & Mutations

You cannot wear most types of armour.
You are amphibious.
You can wear up to eight rings at the same time.
Your skin changes colour to match your surroundings (Stealth+).
Your rubbery body absorbs attacks. (AC +1, EV +1)
((You are camouflaged when in or above water. (Stealth+)))
You have tentacles for arms and can constrict up to eight enemies at once.


Message History

There are monsters nearby!
You reach to attack!
You closely miss the wight.
The wight is heavily damaged.
The wight completely misses you.
There are monsters nearby!
Unknown command.
There is an open door here.
There's nothing to close nearby.
Unknown command.
As you close the door, it creaks loudly!
Unknown command.
A wight opens the door.
You aren't carrying any items that you can evoke.
Unknown command.
It was a potion of berserk rage.
A red film seems to cover your vision as you go berserk!
You feel yourself moving faster!
You feel mighty!
Unknown command.
You feel a strong urge to attack something.
You block the wight's attack.
The wight hits you from afar with a +0 halberd!
You feel drained.
You hit the wight. You grab the wight.
The wight is moderately damaged.
You constrict the wight. You puncture the wight!
You destroy the wight!
The wight hits you from afar with a +0 halberd!
Your life force feels restored.
Your Fighting skill increases to level 5!
Your Dodging skill increases to level 5!
You have reached level 7!
You barely miss the wight. Your grab misses the wight.
Your squeeze misses the wight.
The wight hits you from afar with a +0 halberd!
* * * LOW HITPOINT WARNING * * *
You feel drained.
* * * LOW HITPOINT WARNING * * *
The wight hits you with a +0 long sword!
You die...

# #......# #### # #####.##
# #.# # ##.## # ###...# ##
# #.[...# ...# ## #.#...#
####.....
.########.#...####[.......
................@zz.......
..#######.#...####........
#.# #....## ##....... #.#
###.## #.....# #.# #.#
#...## #.# #.# #+## #.#
#.# #.# #.# #.# #.#


You could see 2 wights.

Vanquished Creatures
  Sigmund (D:2)
  A black bear (D:4)
  A wight (D:4)
  A hound (D:4)
  Natasha (twice) (D:2)
  An adder (D:4)
  An ufetubus (D:4)
  A dart slug (D:4)
  2 orcs
  11 endoplasms
  3 giant cockroaches
  5 goblins
  4 hobgoblins
  4 quokkas
  5 ball pythons
  7 bats
  7 frilled lizards
  6 kobolds
  3 rats
66 creatures vanquished.

Notes
Turn   | Place    | Note
-------+----------+-------------------------------------------
     0 | D:1      | 112233 the Octopode Fighter began the quest for the Orb.
     0 | D:1      | Reached XP level 1. HP: 16/16 MP: 1/1
    85 | D:1      | Reached XP level 2. HP: 18/21 MP: 2/2
   392 | D:1      | Reached XP level 3. HP: 26/26 MP: 3/3
  1167 | D:2      | Noticed Sigmund
  1174 | D:2      | Killed Sigmund
  1175 | D:2      | Reached XP level 4. HP: 27/33 MP: 4/4
  1175 | D:2      | Reached XP level 5. HP: 30/37 MP: 5/5
  1390 | D:2      | Noticed Natasha
  1398 | D:2      | Killed Natasha
  1399 | D:2      | Reached XP level 6. HP: 34/44 MP: 6/6
  1512 | D:2      | Noticed Natasha
  1530 | D:2      | Killed Natasha
  1620 | D:3      | Found a sparkling altar of Nemelex Xobeh.
  2197 | D:3      | Found a shadowy altar of Dithmenos.
  2197 | D:3      | Found a shimmering altar of Xom.
  2263 | D:4      | Found Tiuno's General Store.
  2363 | D:4      | Noticed a black bear
  2369 | D:4      | Killed a black bear
  3191 | D:4      | Reached skill level 5 in Fighting
  3191 | D:4      | Reached skill level 5 in Dodging
  3191 | D:4      | Reached XP level 7. HP: 22/50 MP: 7/7
  3191 | D:4      | HP: 3/72 [wight/+0 halberd (4)]
  3191 | D:4      | Mangled by a wight

Illustrated notes

Levels and vault maps discovered:
D:1:      spicycebolla_arrival_xxxplode, layout_basic, minmay_nonomino_d4
D:2:      layout_basic, uniq_natasha, uniq_sigmund
D:3:      layout_loops_ring, mainiacjoe_overflow_brackets,
          gammafunk_temple_overflow_wave
D:4:      black_bear_nest_2, layout_loops_corners, lemuel_round_altar,
          serial_shops, nicolae_diamond_shop

Skill      XL: |  1  2  3  4  5  6 |
---------------+-------------------+-----
Fighting       | 4 5 |  5.0
Polearms       | 3 4 |  4.4
Dodging        | 4 5 |  5.0
Shields        | |  3.2

Action                   |  1- 3 |  4- 6 |  7- 9 || total
-------------------------+-------+-------+-------++-------
Melee: Trident           |    86 |    60 |     1 ||   147
       Tentacles         |    11 |     8 |       ||    19
       Constrict         |     8 |    12 |       ||    20
  Use: Potion            |     1 |     1 |       ||     2
 Stab: Sleeping          |    12 |     7 |       ||    19
       Distracted        |       |     1 |       ||     1
Armor: Skin              |     3 |     1 |       ||     4
Dodge: Dodged            |    34 |    18 |       ||    52
Block: Buckler           |    17 |     7 |       ||    24
